 Dungeon Crawl Stone Soup version 0.19.5 (webtiles) character file.

508 Peloso the Slasher (level 6, -2/55 HPs)
             Began as a Minotaur Fighter on May 17, 2017.
             Slain by Menkaure (9 damage)
             ... on level 4 of the Dungeon.
             The game lasted 00:04:03 (2580 turns).

Peloso the Slasher (Minotaur Fighter)               Turns: 2580, Time: 00:04:04

Health: -2/55      AC: 13    Str: 20    XL:     6   Next: 98%
Magic:  5/5        EV:  2    Int:  5    God:
Gold:   195        SH: 10    Dex: 12    Spells: 0 memorised, 5 levels left

rFire  . . .     SeeInvis .     a - +0 long sword
rCold  . . .     Gourm    .     o - +0 plate armour
rNeg   . . .     Faith    .     c - +0 shield
rPois  .         Spirit   .     (helmet restricted)
rElec  .         Reflect  .     (no cloak)
rCorr  .         Harm     .     (no gloves)
MR     .....                    r - +0 pair of boots
Stlth  ..........               (no amulet)
                                (no ring)
                                l - -2 ring of evasion (curse)

@: no status effects
A: retaliatory headbutt, horns 2
a: no special abilities


You were on level 4 of the Dungeon.
You were not hungry.

You visited 1 branch of the dungeon, and saw 4 of its levels.

You collected 195 gold pieces.

Inventory:

Hand Weapons
 a - a +0 long sword (weapon)
Armour
 b - a +0 scale mail
 c - a +0 shield (worn)
 o - a +0 plate armour (worn)
 r - a +0 pair of boots (worn)
Jewellery
 l - a cursed -2 ring of evasion (left hand)
Scrolls
 h - 3 scrolls of identify {unknown}
 i - 2 scrolls of remove curse {unknown}
 m - a scroll of recharging {unknown}
 p - a scroll of enchant weapon {unknown}
 s - 2 scrolls of teleportation {unknown}
 v - a scroll of amnesia {unknown}
Potions
 e - a potion of lignification {unknown}
 g - a potion of berserk rage {unknown}
 j - 2 potions of heal wounds {unknown}
 k - a potion of ambrosia {unknown}
 n - a potion of degeneration {unknown}
 q - a potion of flight {unknown}
 t - a potion of mutation {unknown}
 u - a potion of invisibility {unknown}
 w - 2 potions of haste {unknown}
 x - a potion of curing {unknown}
Comestibles
 d - 5 chunks of flesh
 f - 2 bread rations
 z - a beef jerky


   Skills:
 + Level 4.8 Fighting
 + Level 6.3 Long Blades
 + Level 5.5 Armour
 + Level 0.2 Dodging
 + Level 5.2 Shields


You had 5 spell levels left.
You didn't know any spells.

Dungeon Overview and Level Annotations

Branches:
Dungeon (4/15)
 Temple: D:4-7

Altars:

Annotations:
D:4 Menkaure


Innate Abilities, Weirdness & Mutations

You reflexively headbutt those who attack you in melee.
You have a pair of horns on your head.


Message History

Menkaure whispers, "From dust you came, to dust you will return."
Menkaure hits you but does no damage. You block the worker ant's attack.
You hit Menkaure but do no damage. Menkaure casts a spell at you.
Pain shoots through your body! You block the worker ant's attack.
Your shield prevents you from hitting Menkaure.
Menkaure hits you!
The worker ant bites you but does no damage.
Menkaure hits you!!
* * * LOW HITPOINT WARNING * * *
You block the worker ant's attack.
You hit Menkaure but do no damage.
Menkaure calls on the powers of darkness!
The worker ant convulses!
Your body is wracked with pain!
* * * LOW HITPOINT WARNING * * *
The worker ant bites you but does no damage.
You hit Menkaure.
Menkaure is lightly damaged.
Menkaure hits you!
You die...

.........##
##..##
######....#
######..#
##...####...#####
#...........##
#............###
##.............#
#............##
#............#
##.......@...#
.......aM...#
#.............#
..........###
.........##
...?.....#
.........#
#.......##


You could see Menkaure and a worker ant.

Vanquished Creatures
  The ghost of tschems the Covered, an amateur HuFi of Okawaru (D:3)
  Sigmund (D:4)
  An orc wizard (D:3)
  Jessica (D:2)
  2 adders (D:2)
  An ooze (D:3)
  6 worms
  A dart slug (D:3)
  2 leopard geckos
  5 orcs (D:3)
  4 giant cockroaches
  7 hobgoblins
  8 kobolds
  A quokka (D:3)
  8 bats
  7 goblins
  10 rats
66 creatures vanquished.

Notes
Turn   | Place    | Note
-------+----------+-------------------------------------------
     0 | D:1      | Peloso the Minotaur Fighter began the quest for the Orb.
     0 | D:1      | Reached XP level 1. HP: 19/19 MP: 0/0
   320 | D:1      | Reached XP level 2. HP: 20/27 MP: 1/1
   850 | D:2      | Noticed Jessica
   858 | D:2      | Killed Jessica
   858 | D:2      | Reached skill level 3 in Long Blades
   858 | D:2      | Reached XP level 3. HP: 19/33 MP: 2/2
  1063 | D:2      | Reached XP level 4. HP: 40/40 MP: 3/3
  1842 | D:3      | Noticed tschems's ghost (amateur HuFi)
  2116 | D:3      | Killed tschems's ghost
  2116 | D:3      | Reached skill level 5 in Long Blades
  2116 | D:3      | Reached skill level 5 in Armour
  2116 | D:3      | Reached XP level 5. HP: 47/47 MP: 4/4
  2116 | D:3      | Reached XP level 6. HP: 53/53 MP: 5/5
  2441 | D:4      | Noticed Sigmund
  2456 | D:4      | Killed Sigmund
  2456 | D:4      | Reached skill level 6 in Long Blades
  2456 | D:4      | Reached skill level 5 in Shields
  2572 | D:4      | Noticed Menkaure
  2580 | D:4      | Slain by Menkaure

Skill      XL: |  1  2  3  4  5  6 |
---------------+-------------------+-----
Shields        | 4 5 |  5.2
Armour         | 4 5 |  5.5
Long Blades    | 3 5 6 |  6.3
Fighting       | 4 |  4.8
Dodging        | |  0.2

Action                   |  1- 3 |  4- 6 || total
-------------------------+-------+-------++-------
Melee: Long sword        |    57 |   112 ||   169
       Headbutt          |     5 |    23 ||    28
  Use: Potion            |       |     1 ||     1
  Eat: Chunk             |     1 |     1 ||     2
       Bread ration      |       |     1 ||     1
Armor: Scale mail        |    29 |     1 ||    30
       Plate armour      |       |    59 ||    59
Dodge: Dodged            |    12 |     5 ||    17
Block: Shield            |    26 |    50 ||    76
       Rpst.: Long sword |     3 |     1 ||     4
